 Dungeon Crawl Stone Soup version 0.25.0-46-gbd7b0854d2 (webtiles) character file.

Game seed: 12253781604048142179

12376 H0rd4k the Thaumaturge (level 11, -2/57 HPs)
             Began as a Deep Elf Wizard on July 14, 2020.
             Was an Initiate of Gozag.
             Slain by an eight-headed hydra (16 damage)
             ... on level 1 of the Lair of Beasts on July 15, 2020.
             The game lasted 01:05:28 (25413 turns).

H0rd4k the Thaumaturge (Deep Elf Wizard)           Turns: 25413, Time: 01:05:30

Health: -2/57      AC:  3    Str:  4    XL:     11   Next: 61%
Magic:  0/31       EV: 14    Int: 33    God:    Gozag
Gold:   779        SH:  0    Dex: 13    Spells: 26/39 levels left

rFire    + . .     SeeInvis +   I - staff of earth
rCold    . . .     Gourm    .   (no shield)
rNeg     + . .     Faith    .   K - +1 robe of Sif Muna's Grace {rN+ SInv}
rPois    .         Spirit   +   p - +0 hat
rElec    .         Reflect  .   L - scarf {+Inv}
rCorr    .         Harm     .   (no gloves)
MR       +....                  (no boots)
Stlth    +++.......             C - amulet of guardian spirit
HPRegen  0.19/turn              h - ring of protection from fire
MPRegen  0.22/turn              D - +6 ring of intelligence

@: no status effects
A: no striking features
a: Potion Petition, Call Merchant, Bribe Branch, Renounce Religion, Evoke
Invisibility


You were on level 1 of the Lair of Beasts.
You worshipped Gozag.
Gozag was pleased with you.
You were not hungry.

You visited 3 branches of the dungeon, and saw 15 of its levels.
You also visited: Ossuary.

You collected 2185 gold pieces.
You spent 881 gold pieces at shops.
You paid 525 gold pieces to Gozag.

Inventory:

Missiles
 f - 51 poisoned darts (quivered)
 J - 86 arrows
Armour
 a - a +0 robe
 b - a +0 hat
 p - a +0 hat (worn)
 K - the +1 robe of Sif Muna's Grace (worn) {rN+ SInv}
   (You bought it in a shop on level 11 of the Dungeon)

   It protects you from negative energy.
   It lets you see invisible.
 L - a scarf of invisibility (worn)
Magical Staves
 I - an uncursed staff of earth (weapon)
Jewellery
 h - a ring of protection from fire (left hand)
 o - an uncursed amulet of regeneration
 u - an uncursed amulet of faith
 C - an amulet of guardian spirit (around neck)
 D - a +6 ring of intelligence (right hand)
 N - an uncursed ring of stealth {unknown}
Wands
 q - a wand of polymorph (1)
 F - a wand of flame (31)
 G - a wand of digging (8)
 R - a wand of iceblast (6)
Scrolls
 g - 6 scrolls of teleportation
 l - 4 scrolls of amnesia
 n - 4 scrolls of fear
 s - 7 scrolls of enchant weapon
 t - 7 scrolls of remove curse
 w - a scroll of acquirement {unknown}
 y - 2 scrolls of enchant armour {unknown}
 A - a scroll of magic mapping {unknown}
 B - a scroll of brand weapon {unknown}
 E - a scroll of random uselessness {unknown}
 H - 5 scrolls of blinking {unknown}
 M - 4 scrolls of identify
 O - a scroll of immolation {unknown}
 P - a scroll of fog {unknown}
Potions
 c - 2 potions of brilliance {unknown}
 e - 4 potions of might
 i - a potion of haste
 j - 3 potions of magic
 k - 2 potions of curing
 m - 3 potions of lignification
 r - 2 potions of heal wounds
 v - a potion of stabbing
 x - a potion of resistance
 z - 2 potions of ambrosia {unknown}
 Q - a potion of flight
Comestibles
 d - 5 rations


   Skills:
 - Level 1.8 Fighting
 + Level 4.3 Dodging
 + Level 4.7 Stealth
 + Level 14.5 Spellcasting
 + Level 9.8 Conjurations
 * Level 3.1 Hexes
   Level 1.1 Summonings
 + Level 3.7 Translocations
 - Level 6.5 Fire Magic
 + Level 2.0 Air Magic
 - Level 7.7 Poison Magic
 + Level 2.7 Evocations


You had 26 spell levels left.
You knew the following spells:

 Your Spells              Type           Power        Failure   Level  Hunger
a - Magic Dart            Conj           ####         1%          1    None
b - Blink                 Tloc           N/A          1%          2    None
c - Conjure Flame         Conj/Fire      ######..     1%          3    None
d - Mephitic Cloud        Conj/Pois/Air  ######..     1%          3    None
e - Cause Fear            Hex            #####.....   4%          4    None

Your spell library contained the following spells:

 Spells                   Type           Power        Failure   Level  Hunger
 Call Imp                 Summ           ####....     1%          2    None
 Slow                     Hex            #####...     1%          2    None
 Silence                  Hex/Air        #####.....   17%         5    None
 Yara's Violent Unravell  Hex/Tmut       ####......   26%         5    None
 Discord                  Hex            #####.....   100%        8    ######.


Dungeon Overview and Level Annotations

Branches:
Dungeon (11/15)            Temple (1/1) D:6            Lair (3/6) D:9
  Swamp (0/4) Lair:3          Orc (0/2) D:11        Ossuary (visited)
  Snake: Lair:2-4    Spider: Lair:2-4

Altars:
Ashenzari
Cheibriados
Dithmenos
Elyvilon
Fedhas
Gozag
Hepliaklqana
Kikubaaqudgha
Makhleb
Nemelex Xobeh
Okawaru
Qazlal
Ru
Sif Muna
Trog
Uskayaw
Vehumet
Wu Jian
Xom
Yredelemnul
Zin
The Shining One

Shops:
D:4 =   D:9 [   D:10 :   D:11 *

Annotations:
D:3 exclusion: downstairs
D:4 exclusion: downstairs
D:7 exclusion: downstairs
D:8 exclusion: 2 downstairs
D:9 exclusion: upstairs
D:10 exclusion: 2 upstairs
D:11 exclusions: door and upstairs
Lair:3 exclusion: upstairs


Message History

Aim: an eight-headed hydra (flame, moderately wounded)
The magic dart hits the eight-headed hydra!
The eight-headed hydra is heavily wounded.
The eight-headed hydra is engulfed in blazing flames.
Casting: Magic Dart (safe; 1% risk of failure)
Confirm with . or Enter, or press ? or * to list all spells.
Aiming: Magic Dart (safe; 1% risk of failure)
Press: ? - help, Shift-Dir - straight line, f/p - eight-headed hydra
Aim: an eight-headed hydra (flame, severely wounded)
The magic dart hits the eight-headed hydra.
The eight-headed hydra is severely wounded.
The eight-headed hydra is engulfed in blazing flames.
The eight-headed hydra closely misses you.
The eight-headed hydra bites you. x2; The eight-headed hydra bites you!
The eight-headed hydra closely misses you.
The eight-headed hydra bites you! x2
* * * LOW HITPOINT WARNING * * *
The eight-headed hydra bites you!
You die...
Your body crumbles into a pile of gold.

## ### ). ##. ..#
.###... ♣.♣
#..#.♣♣♣♣.♣♣♣
##....♣♣PP.PP♣♣
#....♣♣PP...PP♣
.....♣♣P.....P♣♣##
..........⌠...§D@#
..##.♣♣P.....P♣♣..#
.###.♣♣PP...PP♣♣.##
.# #..♣♣PP.PP♣♣...#
## #..♣♣♣♣.♣♣♣♣....
####....♣♣.♣♣......#
.#.............P.P..
....♣.♣.......P......
........#...P......


You could see an eight-headed hydra.

Vanquished Creatures
  A hydra (Lair:1)
  Psyche (D:11)
  A spiny frog (Lair:2)
  4 komodo dragons
  A yaktaur (Lair:3)
  A hornet (D:11)
  A polar bear (D:10)
  4 hippogriffs
  A vampire (D:10)
  A wyvern (Lair:3)
  7 yaks
  3 basilisks
  Grum (D:10)
  2 hungry ghosts (D:11)
  A steam dragon (D:7)
  A warg (D:11)
  Menkaure (D:7)
  2 water moccasins (Lair:1)
  An acid dragon (D:11)
  5 sky beasts
  4 ice beasts
  2 porcupines (Lair:1)
  6 orc warriors
  2 phantoms
  3 wolves
  6 ogres
  4 crocodiles
  4 centaurs
  A big kobold (D:7)
  A gnoll sergeant (D:6)
  10 bullfrogs
  4 killer bees (D:7)
  3 wights
  4 howler monkeys
  2 crimson imps
  A centaur zombie (D:11)
  6 hounds
  A gnoll shaman (D:5)
  5 jellies
  4 centaur skeletons
  7 orc priests
  9 orc wizards
  2 iguanas
  2 worker ants
  A killer bee zombie (D:5)
  3 big kobold zombies (Ossuary)
  A bullfrog simulacrum (D:10)
  A mummy (Ossuary)
  3 hound zombies
  3 hound skeletons
  2 worker ant zombies
  17 gnolls
  6 adders
  A shadow imp (D:9)
  An ufetubus (D:10)
  3 worms
  7 leopard geckos
  41 orcs
  7 bats
  3 giant cockroaches
  11 goblins
  9 hobgoblins
  17 jackals
  4 quokkas
  5 ball pythons
  2 bat simulacra (Ossuary)
  8 frilled lizards
  9 gnoll zombies (Ossuary)
  7 goblin simulacra (Ossuary)
  4 goblin zombies (Ossuary)
  6 hobgoblin zombies (Ossuary)
  11 kobolds
  4 kobold simulacra (Ossuary)
  4 kobold zombies (Ossuary)
  A leopard gecko skeleton (D:7)
  4 orc zombies (Ossuary)
  A quokka skeleton (D:9)
  6 rats
  3 rat simulacra (Ossuary)
  A spectral goblin (Ossuary)
  A spectral kobold (Ossuary)
  6 spectral rats (Ossuary)
357 creatures vanquished.

Vanquished Creatures (others)
  A killer bee (D:7)
  An orc wizard (D:10)
  A kobold simulacrum (Ossuary)
  17 bushes (Lair:1)
  7 fungi
  20 plants (Lair:1)
47 creatures vanquished.

Grand Total: 404 creatures vanquished

Notes
Turn   | Place    | Note
-------+----------+-------------------------------------------
     0 | D:1      | H0rd4k the Deep Elf Wizard began the quest for the Orb.
     0 | D:1      | Reached XP level 1. HP: 10/10 MP: 7/7
   272 | D:1      | Reached skill level 5 in Spellcasting
   272 | D:1      | Reached XP level 2. HP: 15/15 MP: 8/10
   903 | D:1      | Reached XP level 3. HP: 19/19 MP: 6/12
   907 | D:1      | Learned a level 2 spell: Blink
   911 | D:1      | Learned a level 3 spell: Conjure Flame
   915 | D:1      | Learned a level 3 spell: Mephitic Cloud
  3105 | D:3      | Reached XP level 4. HP: 24/24 MP: 11/13
  3803 | D:3      | Reached skill level 6 in Spellcasting
  3803 | D:3      | Reached skill level 1 in Poison Magic
  4020 | D:3      | Reached skill level 1 in Fire Magic
  4020 | D:3      | Reached XP level 5. HP: 28/28 MP: 6/15
  4260 | D:4      | Noticed an ogre
  4347 | D:4      | Killed an ogre
  4714 | D:4      | Reached XP level 6. HP: 32/32 MP: 7/17
  4771 | D:5      | Entered Level 5 of the Dungeon
  4771 | D:5      | Noticed a sky beast
  5490 | D:4      | Found Eseid's Jewellery Shop.
  5541 | D:5      | Noticed an ice beast
  5953 | D:5      | Reached XP level 7. HP: 36/36 MP: 12/19
  5998 | D:5      | Found a sparkling altar of Nemelex Xobeh.
  6001 | D:5      | Found a glowing silver altar of Zin.
  6024 | D:5      | Reached skill level 7 in Spellcasting
  6236 | D:5      | Found a burning altar of Makhleb.
  6237 | D:5      | Found a shadowy altar of Dithmenos.
  6435 | D:5      | Reached skill level 1 in Fighting
  7548 | D:5      | Reached XP level 8. HP: 43/43 MP: 1/21
  7827 | D:6      | Found a sand-covered staircase.
  7832 | Ossuary  | Entered an ossuary
  7845 | Ossuary  | Reached skill level 8 in Spellcasting
  8610 | Ossuary  | Reached skill level 5 in Conjurations
  9275 | D:6      | Found a shimmering altar of Xom.
  9989 | D:6      | Reached skill level 9 in Spellcasting
 10121 | D:6      | Found a staircase to the Ecumenical Temple.
 10257 | D:6      | Reached skill level 5 in Poison Magic
 10654 | Temple   | Entered the Ecumenical Temple
 10754 | Temple   | Became a worshipper of Gozag Ym Sagoz the Greedy
 11016 | D:7      | Noticed Menkaure
 11026 | D:7      | Reached XP level 9. HP: 47/47 MP: 19/24
 11063 | D:7      | Killed Menkaure
 11279 | D:7      | Reached skill level 10 in Spellcasting
 11279 | D:7      | Reached skill level 5 in Fire Magic
 12817 | D:7      | Reached skill level 11 in Spellcasting
 13750 | D:8      | Reached skill level 1 in Air Magic
 14909 | D:9      | Noticed Grum
 14975 | D:9      | Reached XP level 10. HP: 52/52 MP: 16/27
 15127 | D:9      | Found a radiant altar of Vehumet.
 15477 | D:9      | Found a staircase to the Lair.
 15501 | D:9      | Found Vompotryg's Armour Emporium.
 15541 | D:9      | Noticed an elephant
 16235 | D:10     | Entered Level 10 of the Dungeon
 17444 | D:11     | Noticed Psyche
 17456 | D:11     | Killed Psyche
 17456 | D:11     | Reached skill level 12 in Spellcasting
 17962 | D:11     | Reached skill level 1 in Evocations
 18594 | D:11     | Found a staircase to the Orcish Mines.
 19417 | D:11     | Bought a scroll labeled WUNGOYDALE for 30 gold pieces
 19417 | D:11     | Bought a wizard robe for 171 gold pieces
 19427 | D:11     | Identified the +1 robe of Sif Muna's Grace {rN+ SInv} (You
                  | bought it in a shop on level 11 of the Dungeon)
 19654 | D:10     | Found Abbuor's Book Shoppe.
 20224 | D:11     | Reached skill level 13 in Spellcasting
 20605 | D:10     | Killed Grum
 20880 | D:7      | Reached XP level 11. HP: 15/57 MP: 2/30
 21509 | D:9      | Bought a scarf of invisibility for 180 gold pieces
 21816 | D:10     | Bought a book of Hexes for 500 gold pieces
 21823 | D:10     | Learned a level 4 spell: Cause Fear
 21864 | Lair:1   | Entered Level 1 of the Lair of Beasts
 21959 | Lair:2   | Noticed a five-headed hydra
 22520 | Lair:3   | Reached skill level 1 in Hexes
 23086 | Lair:3   | Found a staircase to the Swamp.
 23895 | Lair:1   | Noticed an eight-headed hydra
 23910 | Lair:1   | Killed an eight-headed hydra
 23910 | Lair:1   | Reached skill level 14 in Spellcasting
 24711 | Lair:1   | Noticed an eight-headed hydra
 25413 | Lair:1   | Slain by an eight-headed hydra

Illustrated notes

Levels and vault maps discovered:
D:1:      dpeg_arrival_orchard, layout_loops_ring, minmay_tree_intersection
D:2:      minmay_chambers_of_ones, layout_loops_corners, st_stairs_6,
          minmay_tromino_v4_c
D:3:      layout_basic, first_ration
D:4:      layout_basic, serial_shops, shop
D:5:      layout_loops_cross, lemuel_crystal_altar,
          gammafunk_temple_overflow_pools, overflow_temple_1_default,
          st_stairs_6
D:6:      minmay_diamond_boxcup, layout_loops_ring, lemuel_round_altar,
          lemuel_temple_firewalk_b, enter_ossuary_2
D:7:      layout_basic, uniq_menkaure
D:8:      layout_cave_pods, serial_column_ruins, column_ruins_hut,
          column_ruins_columns_straight, column_ruins_grid_3,
          column_ruins_corridor_straight, column_ruins_grid_1,
          column_ruins_columns_straight
D:9:      layout_cross, vehumet_altar_wand_db, david_lair_generic, serial_shops,
          shop_statue, uniq_grum
D:10:     layout_rooms, serial_ice, serial_ice_c, serial_ice_b, serial_ice_h,
          serial_ice_a, serial_shops, nicolae_shop_crystal
D:11:     layout_loops_corners, erik_orc_4, uniq_psyche
Temple:   regret_index_temple_sphere_string
Lair:1:   layout_layer_cave, serial_forest, infiniplex_forest_lined_3,
          infiniplex_forest_fountain, infiniplex_forest_clump_small,
          infiniplex_forest_clump_large, infiniplex_forest_lined_room_2,
          infiniplex_forest_end_2, infiniplex_forest_lined_room_3,
          infiniplex_forest_straight_2
Lair:2:   layout_long_grid, guppyfry_snake_entry_island, grunt_megastairs_1
Lair:3:   layout_loops_ring, swamp_mist, minivault_26, st_stairs_10,
          lemuel_fruit_fields

Skill      XL: |  1  2  3  4  5  6  7  8  9 10 11 |
---------------+----------------------------------+-----
Spellcasting   | 5 6 7 9 11 13 14 | 14.5
Conjurations   | 2 3 4 6 7 9 |  9.8
Dodging        | 3 4 |  4.3
Poison Magic   | 1 2 3 5 6 7 |  7.7
Fire Magic     | 1 2 4 5 6 |  6.5
Stealth        | 3 4 |  4.7
Fighting       | 1 |  1.8
Translocations | 2 3 |  3.7
Air Magic      | 1 2 |  2.0
Evocations     | 2 |  2.7
Hexes          | 3 |  3.1
Summonings     | |  1.1

Action                   |  1- 3 |  4- 6 |  7- 9 | 10-12 || total
-------------------------+-------+-------+-------+-------++-------
Melee: Staff             |       |       |       |     2 ||     2
 Cast: Magic Dart        |   143 |   145 |   593 |   551 ||  1432
       Mephitic Cloud    |       |     8 |    20 |    28 ||    56
       Conjure Flame     |       |     8 |    38 |    67 ||   113
       Blink             |       |     2 |    11 |    48 ||    61
       Cause Fear        |       |       |       |     3 ||     3
Invok: Call Merchant     |       |       |       |     1 ||     1
Evoke: Wand              |       |     1 |    13 |    32 ||    46
  Use: Potion            |     1 |       |       |     5 ||     6
       Scroll            |       |       |     6 |    12 ||    18
  Eat: Chunk             |     5 |     7 |     7 |       ||    19
       Ration            |       |     1 |     6 |     9 ||    16
Armor: Robe              |     1 |     6 |    11 |    17 ||    35
Dodge: Dodged            |    32 |    38 |   101 |   159 ||   330
